Map: Saphir cosmique

Players

ShaDoWn - Winner!

  • Race: Protoss Protoss
  • Spawn Location: 5:00

PappiJoe

  • Race: Protoss Protoss
  • Spawn Location: 11:00

Event: DreamHack SC2 Masters 2022 Atlanta (Offline)

VOD

Have the link to the VOD?

Description

Time

  • Played on: Nov. 18, 2022, 4:58 p.m.
  • Length: 9:18

All games in this series

Show
View Real Time Build Order
Export as new Build Order

ShaDoWn Protoss - Winner!

Build Orders:  

Get SALT Encoding   

  12  0:00  Probe  
  13  0:12  Probe  
  14  0:16  Pylon  
  14  0:24  Probe  
  15  0:35  Gateway  
  15  0:36  Probe (Chrono Boost)  
  16  0:46  Probe (Chrono Boost), Assimilator  
  17  0:51  Probe (Chrono Boost)  
  18  1:03  Probe (Chrono Boost)  
  19  1:04  Assimilator  
  19  1:10  Gateway  
  19  1:13  Probe (Chrono Boost)  
  19  1:18  Probe (Chrono Boost)  
  20  1:23  Cybernetics Core  
  21  1:29  Probe  
  22  1:35  Pylon  
  22  1:41  Probe  
  23  1:53  Probe  
  24  1:59  Stalker x2  
  24  2:00  Warp Gate  
  28  2:06  Probe  
  29  2:12  Pylon  
  29  2:18  Probe  
  30  2:30  Stalker x2  
  30  2:32  Probe  
  35  2:44  Probe  
  35  2:53  Robotics Facility  
  35  2:57  Probe  
  36  3:04  Shield Battery  
  36  3:05  Sentry  
  38  3:07  Pylon  
  38  3:10  Probe  
  39  3:25  Probe  
  40  3:37  Warp Prism (Chrono Boost), Probe  
  40  3:40  Pylon  
  43  3:48  Sentry x2  
  43  3:52  Pylon  
  47  4:06  Immortal (Chrono Boost)  
  51  4:14  Pylon  
  51  4:16  Pylon  
  51  4:18  Shield Battery  
  51  4:24  Adept x2  
  55  4:34  Pylon  
  55  4:38  Immortal (Chrono Boost)  
  55  4:44  Sentry  
  61  5:09  Nexus  
  61  5:11  Observer (Chrono Boost)  
  62  5:26  Immortal  
  66  5:39  Stalker  
  68  5:53  Nexus  
  66  6:03  Gateway  
  66  6:16  Pylon  
  66  6:17  Stalker  
  68  6:24  Twilight Council  
  68  6:26  Probe  
  69  6:34  Probe  
  69  6:36  Shield Battery  
  70  6:40  Stalker  
  72  6:56  Immortal (Chrono Boost)  
  72  6:58  Blink (Chrono Boost)  
  72  7:00  Probe  
  78  7:05  Probe  
  78  7:06  Probe  
  78  7:11  Zealot  
  77  7:18  Probe x2  
  79  7:28  Stalker  
  81  7:30  Probe x2  
  83  7:38  Stalker  
  83  7:42  Probe x2  
  83  7:43  Gateway  
  85  7:54  Probe x2  
  87  7:59  Probe  
  87  8:01  Pylon  
  87  8:02  Immortal  
  92  8:06  Probe x2  
  92  8:12  Stalker x2  
  98  8:26  Gateway  
  98  8:28  Probe  
  98  8:30  Gateway  
  97  8:38  Stalker x2  
  101  8:42  Pylon  
  101  8:45  Stalker  
  107  8:52  Pylon  
  106  9:03  Stalker x2  
Show
View Real Time Build Order
Export as new Build Order

PappiJoe Protoss 

Build Orders:  

Get SALT Encoding   

  12  0:00  Probe  
  13  0:12  Probe  
  14  0:17  Pylon  
  14  0:24  Probe  
  15  0:35  Gateway  
  15  0:37  Probe (Chrono Boost)  
  16  0:46  Probe (Chrono Boost), Assimilator  
  17  0:51  Probe (Chrono Boost)  
  17  0:55  Assimilator  
  18  1:03  Probe (Chrono Boost)  
  19  1:08  Gateway  
  19  1:14  Probe (Chrono Boost)  
  20  1:19  Probe (Chrono Boost)  
  20  1:24  Cybernetics Core  
  21  1:29  Probe  
  22  1:42  Probe  
  22  1:46  Pylon  
  23  2:04  Robotics Facility  
  23  2:06  Stalker  
  23  2:07  Stalker  
  27  2:11  Warp Gate  
  27  2:22  Pylon  
  27  2:36  Stalker  
  29  2:37  Stalker  
  30  2:50  Immortal (Chrono Boost)  
  34  3:06  Gateway  
  34  3:09  Sentry  
  36  3:19  Warp Prism (Chrono Boost)  
  36  3:48  Pylon  
  36  4:06  Immortal  
  40  4:12  Adept, Sentry  
  40  4:13  Pylon  
  40  4:15  Stalker  
  46  4:38  Stargate  
  46  4:40  Twilight Council  
  46  4:41  Stalker  
  48  4:48  Stalker  
  50  4:58  Probe  
  49  5:11  Probe  
  50  5:19  Stalker  
  50  5:35  Pylon  
  50  5:44  Blink (Chrono Boost)  
  48  5:50  Probe  
  48  6:02  Probe  
  49  6:14  Probe  
  49  6:15  Stalker  
  52  6:29  Pylon  
  52  6:32  Adept  
  52  6:33  Adept  
  52  6:38  Stalker  
  58  6:40  Pylon  
  57  6:58  Probe  
  52  7:11  Stalker x3  
  58  7:34  Stalker x2  
  58  7:35  Zealot  
  64  7:39  Pylon  
  60  8:07  Stalker x3  
  62  8:30  Stalker x2  
  62  8:31  Adept  
  68  8:58  Zealot  
  68  8:59  Zealot x2  
Tags
 
Add a new tag
Caveats
  • Supply blocks, unpowered buildings, or Contaminate may cause inaccurate times.
  • Supply counts are checked every 10 seconds.